 Dungeon Crawl Stone Soup version 0.23-a0-8-gb809bb7 (webtiles) character file.

178 prawnwizard the Grave Robber (level 5, 0/38 HPs)
             Began as a Mummy Necromancer on Aug 1, 2018.
             Slain by a worker ant (1 damage)
             ... on level 3 of the Dungeon.
             The game lasted 00:08:00 (2541 turns).

prawnwizard the Grave Robber (Mummy Necromancer)    Turns: 2541, Time: 00:08:01

Health: 0/38       AC:  5    Str: 11    XL:     5   Next: 32%
Magic:  0/11       EV: 12    Int: 15    God:
Gold:   143        SH:  0    Dex: 13    Spells: 10/12 levels left

rFire    x . .     SeeInvis .   h - +0 dagger
rCold    + . .     Gourm    .   (no shield)
rNeg     + + +     Faith    .   a - +0 robe
rPois    ∞         Spirit   .   (no helmet)
rElec    .         Reflect  .   (no cloak)
rCorr    .         Harm     .   (no gloves)
MR       +....                  (no boots)
Stlth    ++........             (no amulet)
HPRegen  0.12/turn              c - +3 ring of protection
MPRegen  0.12/turn              i - ring of protection from magic

@: no status effects
A: no food or potions, fire vulnerability, cold resistance 1, negative energy
resistance 3, torment resistance, unbreathing
a: no special abilities


You were on level 3 of the Dungeon.
You were not hungry.

You visited 1 branch of the dungeon, and saw 4 of its levels.

You collected 143 gold pieces.

Inventory:

Hand Weapons
 h - a +0 dagger (weapon)
Armour
 a - a +0 robe (worn)
 l - a +0 ring mail
Jewellery
 c - a +3 ring of protection (left hand)
 i - a ring of protection from magic (right hand)
Scrolls
 d - 3 scrolls of identify
 g - a scroll of remove curse


   Skills:
 + Level 2.3 Fighting
 - Level 1.5 Dodging
 - Level 1.5 Stealth
 + Level 4.1 Spellcasting
 * Level 5.5 Necromancy


You had 10 spell levels left.
You knew the following spells:

 Your Spells              Type           Power        Failure   Level  Hunger
a - Pain                  Necr           ###.         1%          1    N/A
b - Animate Skeleton      Necr           N/A          1%          1    N/A

Your spell library contained the following spells:

 Spells                   Type           Power        Failure   Level  Hunger
 Animate Dead             Necr           N/A          19%         4    N/A
 Vampiric Draining        Necr           ###.......   5%          3    N/A
 Regeneration             Chrm/Necr      ##........   17%         3    N/A

Dungeon Overview and Level Annotations

Branches:
Dungeon (4/15)
 Temple: D:4-7

Altars:
Ru


Innate Abilities, Weirdness & Mutations

You do not eat or drink.
Your flesh is vulnerable to fire.
You are immune to poison.
Your flesh is cold resistant. (rC+)
You are immune to negative energy. (rN+++)
You are immune to unholy pain and torment.
You can survive without breathing.


Message History

Press: ? - help, Shift-Dir - straight line, f/p - scorpion
Aim: a scorpion (almost dead, chance to defeat MR: 78%)
The worker ant writhes in agony!
The worker ant bites you but does no damage.
Casting: Pain (safe; 1% risk of failure)
Confirm with . or Enter, or press ? or * to list all spells.
Aiming: Pain (safe; 1% risk of failure)
Press: ? - help, Shift-Dir - straight line, f/p - scorpion
Aim: a scorpion (almost dead, chance to defeat MR: 78%)
The worker ant writhes in agony!
The worker ant barely misses you. The worker ant bites you.
* * * LOW HITPOINT WARNING * * *
Casting: Pain (safe; 1% risk of failure)
Confirm with . or Enter, or press ? or * to list all spells.
Aiming: Pain (safe; 1% risk of failure)
Press: ? - help, Shift-Dir - straight line, f/p - scorpion
Aim: a scorpion (almost dead, chance to defeat MR: 78%)
The worker ant writhes in agony!
The worker ant closely misses you. The worker ant bites you.
You die...

.[.........# #.....#
...........## #.!...#
............### #.....#
.#.####.......######....<#
##.#
#....##............#####
##.#
#....###...............###
##.#
#....####.##.......###...##
##.## #......#..##...(...#
###...
#...###.(.....sa@........#
####
..#.##.....#######.....[.#
....##.#.### ##.......)..#
##'.##.#.#####..##.......#
..#.##.#.#..s..###.......#
# ..#.#..#...#####
##.....!# # ..##..##..##
##)[...# # ###..##...#
##.##.######## ..#.##...##
#...........#


You could see a scorpion and a worker ant.

Vanquished Creatures
  A howler monkey (D:4)
  An orc wizard (D:3)
  3 adders
  3 worms
  3 dart slugs
  2 leopard geckos
  6 orcs
  5 bats
  4 giant cockroaches
  6 goblins
  2 hobgoblins
  4 jackals (D:2)
  2 quokkas
  2 ball pythons
  3 frilled lizards
  6 kobolds
  10 rats
63 creatures vanquished.

Notes
Turn   | Place    | Note
-------+----------+-------------------------------------------
     0 | D:1      | prawnwizard the Mummy Necromancer began the quest for the Orb.
     0 | D:1      | Reached XP level 1. HP: 13/13 MP: 4/4
   264 | D:1      | Reached XP level 2. HP: 19/20 MP: 0/5
   787 | D:2      | Reached skill level 1 in Fighting
   858 | D:2      | Reached XP level 3. HP: 20/26 MP: 2/7
  1412 | D:2      | Learned a level 1 spell: Animate Skeleton
  1688 | D:3      | Found a sacrificial altar of Ru.
  1700 | D:3      | Reached skill level 5 in Necromancy
  1700 | D:3      | Reached XP level 4. HP: 30/33 MP: 1/9
  2473 | D:4      | Reached XP level 5. HP: 38/38 MP: 7/10
  2537 | D:3      | HP: 1/38 [worker ant (4)]
  2541 | D:3      | Slain by a worker ant

Vault maps used:
D:1:      saegor_arrival_simple_e, minmay_misc_feat_rows
D:2:      st_stairs_9
D:3:      nicolae_ru_great_annihilating_truth
D:4:      lemuel_temple_firewalk_a, hangedman_abyss_or_decor_stagger

Skill      XL: |  1  2  3  4  5 |
---------------+----------------+-----
Spellcasting   | 3 4 |  4.1
Fighting       | 1 2 |  2.3
Necromancy     | 5 |  5.5
Dodging        | |  1.5
Stealth        | |  1.5

Action                   |  1- 3 |  4- 6 || total
-------------------------+-------+-------++-------
Melee: Unarmed           |    64 |       ||    64
       Dagger            |     1 |    43 ||    44
 Cast: Pain              |    82 |    52 ||   134
  Use: Scroll            |       |     5 ||     5
 Stab: Paralysed         |     1 |       ||     1
       Invisible         |       |     1 ||     1
Armor: Robe              |    16 |    18 ||    34
Dodge: Dodged            |    54 |    56 ||   110

Table legend:
 A = Spawn XP
 B = Non-spawn XP
 C = Spawn XP percentage of total XP
 D = Spawn monster count
 E = Non-spawn monster count
 F = Spawn count percentage of total count
 G = Total turns spent on level
                    A         B        C        D         E        F      G
               +---------+---------+-------+---------+---------+-------+---------
         Total |       0 |     255 |   0.0 |       0 |      63 |   0.0 |  2541
               +---------+---------+-------+---------+---------+-------+---------
           D:1 |       0 |      28 |   0.0 |       0 |      15 |   0.0 |   940
           D:2 |       0 |      48 |   0.0 |       0 |      19 |   0.0 |   564
           D:3 |       0 |     119 |   0.0 |       0 |      27 |   0.0 |   998
           D:4 |       0 |      60 |   0.0 |       0 |       2 |   0.0 |    39
               +---------+---------+-------+---------+---------+-------+---------
